 Dungeon Crawl Stone Soup version 0.26.1-11-gd32895ea62 (webtiles) character file.

Game seed: 14436062216006209215

28606 Acheron the Covert (level 13, -4/79 HPs)
             Began as a Gargoyle Delver on July 16, 2021.
             Was a High Priest of Okawaru.
             Killed by the air
             ... invoked by a wind drake
              (15 damage)
             ... on level 3 of the Lair of Beasts.
             The game lasted 01:37:42 (15118 turns).

Acheron the Covert (Gargoyle Delver)               Turns: 15118, Time: 01:37:43

Health: -4/79      AC: 19    Str: 17    XL:     13   Next: 39%
Magic:  20/20      EV: 13    Int: 12    God:    Okawaru [*****.]
Gold:   726        SH:  0    Dex: 14    Spells: 19/22 levels left

rFire    . . .     SeeInvis .   w - +2 war axe (elec)
rCold    . . .     Faith    .   (no shield)
rNeg     + . .     Spirit   .   i - +2 ring mail {Will+}
rPois    ∞         Reflect  .   (no helmet)
rElec    +         Harm     .   I - scarf {repulsion}
rCorr    .         Rampage  .   (no gloves)
Will     +....                  C - +0 pair of boots
Stlth    ++++......             (no amulet)
HPRegen  0.23/turn              (no ring)
MPRegen  0.17/turn              (no ring)

@: repel missiles
A: negative energy resistance 1, electricity resistance, unbreathing,
petrification resistance, miasma immunity, AC +9
a: Renounce Religion, Heroism, Finesse


You were on level 3 of the Lair of Beasts.
You worshipped Okawaru.
Okawaru was extremely pleased with you.
You visited 3 branches of the dungeon, and saw 16 of its levels.
You also visited: Volcano.

You collected 726 gold pieces.

Inventory:

Hand Weapons
 o - a +4 quick blade
 q - a +3 whip of venom
 t - a +2 lajatang of flaming
 w - a +2 war axe of electrocution (weapon)
 x - a +2 trident of freezing
 O - a +2 dagger of speed
 Q - a +2 flail of holy wrath
Missiles
 a - 4 atropa-tipped darts
 b - 38 poisoned darts (quivered)
 h - 222 stones
 A - 2 datura-tipped darts
 M - 15 boomerangs
 N - 61 sling bullets
 S - 2 curare-tipped darts
Armour
 i - a +2 ring mail of willpower (worn)
 C - a +0 pair of boots (worn)
 I - a scarf of repulsion (worn)
 T - a +1 scale mail of fire resistance
Magical Staves
 P - an uncursed staff of cold
Jewellery
 n - an uncursed ring of wizardry
 y - an uncursed amulet of guardian spirit
 B - the amulet of Loloell {RegenMP rF+ rC- Int+4}
   (You found it on level 4 of the Dungeon)

   [amulet of magic regeneration]

   It increases your magic regeneration.
   It affects your intelligence (+4).
   It protects you from fire.
   It makes you vulnerable to cold.
 D - an uncursed ring of flight
Wands
 g - a wand of digging (13)
 j - a wand of acid (17)
 m - a wand of random effects (35)
 s - a wand of disintegration (10)
 J - a wand of enslavement (6)
Scrolls
 c - 3 scrolls of fog
 e - 3 scrolls of fear
 l - 6 scrolls of remove curse
 z - a scroll of summoning {unknown}
 G - 4 scrolls of teleportation
 H - 2 scrolls of identify
 L - 3 scrolls of enchant armour
Potions
 f - 2 potions of haste
 k - 4 potions of lignification
 p - 2 potions of ambrosia
 r - 3 potions of resistance
 u - a potion of magic
 v - 5 potions of curing
 E - 8 potions of brilliance
 F - a potion of cancellation
Miscellaneous
 K - a lightning rod (4/4)


   Skills:
 * Level 8.4 Fighting
 + Level 1.2 Short Blades
 + Level 8.0(9.2) Axes
 * Level 7.6(9.5) Maces & Flails
 * Level 5.2 Throwing
 * Level 7.0 Armour
 * Level 5.0 Dodging
 * Level 9.6 Stealth
 * Level 5.2 Spellcasting
 + Level 1.6 Conjurations
 + Level 1.2 Summonings
 * Level 3.5 Translocations
 * Level 6.2 Invocations
 * Level 5.5 Evocations


You had 19 spell levels left.
You knew the following spells:

 Your Spells              Type           Power        Failure   Level
a - Gell's Gravitas       Tloc           5%           22%         3

Your spell library contained the following spells:

 Spells                   Type           Power        Failure   Level
 Shock                    Conj/Air       20%          24%         1
 Beastly Appendage        Tmut           6%           32%         1
 Swiftness                Air            3%           45%         2
 Wereblood                Tmut           3%           45%         2
 Static Discharge         Conj/Air       5%           56%         3
 Confusing Touch          Hex            3%           69%         3
 Spider Form              Tmut/Pois      1%           69%         3
 Airstrike                Air            1%           97%         4
 Ice Form                 Ice/Tmut       3%           97%         4
 Petrify                  Tmut/Erth      3%           97%         4
 Blade Hands              Tmut           1%           100%        5
 Lightning Bolt           Conj/Air       2%           100%        5
 Metabolic Englaciation   Hex/Ice        1%           100%        5
 Yara's Violent Unravell  Hex/Tmut       1%           100%        5


Dungeon Overview and Level Annotations

Branches:
Dungeon (12/15)            Temple (1/1) D:4            Lair (3/6) D:10
 Shoals (0/4) Lair:3        Snake (0/4) Lair:2          Orc (0/2) D:10
Volcano (visited)

Altars:
Ashenzari
Cheibriados
Dithmenos
Fedhas
Gozag
Hepliaklqana
Kikubaaqudgha
Makhleb
Nemelex Xobeh
Okawaru
Qazlal
Ru
Sif Muna
Trog
Uskayaw
Vehumet
Wu Jian
Xom
Yredelemnul
The Shining One
Beogh

Shops:
D:4 *

Annotations:
D:1 exclusion: downstairs
D:2 Sigmund
D:3 exclusion: upstairs
D:4 exclusion: downstairs
D:8 exclusion: downstairs
Lair:1 Prince Ribbit


Innate Abilities, Weirdness & Mutations

You are resistant to torment.
Your stone body is resilient. (AC +9)
You are immune to poison.
You resist negative energy. (rN+)
You are resistant to electric shocks. (rElec)
You can survive without breathing.
You are immune to petrification.
You are immune to miasma.


Message History

The wind drake bites you but does no damage.
You continue taking off the amulet of Loloell {RegenMP rF+ rC- Int+4}.
The wind drake misses you.
The water moccasin bites you but does no damage.
You finish taking off the amulet of Loloell {RegenMP rF+ rC- Int+4}.
You feel more experienced!
Your Fighting skill increases to level 8!
Your Short Blades skill increases to level 1!
Your base Axes skill increases to level 8!
Your Throwing skill increases to level 5!
Your Spellcasting skill increases to level 5!
Your Conjurations skill increases to level 1!
Your Summonings skill increases to level 1!
Your Translocations skill increases to level 3!
Your Invocations skill increases to level 6!
You have reached level 13!
The water moccasin barely misses you. The wind drake flaps its wings at you.
The air twists around and strikes you!
You die...

..H...####P.## #....P...#.
<......#.#..####
#.†.P#.....
#.##........##.#
##...P...... ##
##......k.#.###$P......#..
##....>........P......#..
#........#......(....#
###..##P##.........### ###
####†kS...<..# ##@...#####
##.### ###


You could see a wind drake (repels missiles) and a water moccasin.

Vanquished Creatures
  Erolcha (D:10)
  A hell hog (Volcano)
  Sonja (D:10)
  A fire crab (Volcano)
  An unseen horror (D:10)
  5 cane toads
  A rime drake (Lair:2)
  2 trolls (D:10)
  3 polar bears (D:9)
  11 blink frogs
  3 wyverns
  10 yaks
  2 fire bats (Volcano)
  A steam dragon (Volcano)
  7 nagas (Lair:2)
  A hell hound (Volcano)
  3 orc warriors (D:10)
  A sky beast (D:9)
  2 phantoms
  3 black bears
  7 ice beasts
  2 necrophages
  A wolf (D:10)
  8 ogres
  2 centaurs
  5 big kobolds
  4 bullfrogs
  A gnoll sergeant (D:10)
  4 scorpions
  15 killer bees
  A howler monkey (D:8)
  An electric eel (Lair:1)
  A jelly (D:10)
  3 hounds
  A quasit (D:9)
  3 orc priests
  3 bullfrog skeletons
  5 centaur skeletons
  2 iguanas
  4 orc wizards
  7 worker ants
  A hound zombie (D:7)
  A hound skeleton (D:7)
  A howler monkey zombie (D:10)
  A worker ant zombie (D:10)
  13 adders
  12 gnolls
  5 white imps
  A worker ant simulacrum (D:9)
  5 ufetubi
  An ooze (D:7)
  An adder zombie (D:9)
  An adder skeleton (D:7)
  A worm (D:2)
  2 dart slugs (D:2)
  7 leopard geckos
  44 orcs
  9 giant cockroaches
  4 goblins
  9 hobgoblins
  11 jackals
  13 kobolds
  2 quokkas
  3 ball pythons
  A ball python skeleton (D:6)
  5 bats
  3 frilled lizards
  2 quokka skeletons
  A quokka zombie (D:8)
  5 rats
305 creatures vanquished.

Vanquished Creatures (others)
  4 fungi
  20 plants
24 creatures vanquished.

Grand Total: 329 creatures vanquished

Notes
Turn   | Place    | Note
-------+----------+-------------------------------------------
     0 | D:5      | Acheron the Gargoyle Delver began the quest for the Orb.
     0 | D:5      | Reached XP level 1. HP: 14/14 MP: 1/1
    39 | D:4      | Found a staircase to the Ecumenical Temple.
    47 | Temple   | Entered the Ecumenical Temple
   142 | D:4      | Noticed a worker ant
   172 | D:4      | Noticed an ogre
   183 | D:4      | Found Yradgh's General Store.
   312 | D:4      | Reached XP level 2. HP: 15/19 MP: 2/2
   861 | D:1      | Reached XP level 3. HP: 22/23 MP: 3/3
   949 | D:1      | Reached skill level 6 in Stealth
  1004 | D:1      | Reached skill level 1 in Armour
  1482 | D:2      | Noticed Sigmund
  1581 | D:2      | Reached XP level 4. HP: 28/28 MP: 4/4
  1787 | D:2      | Found a stormy altar of Qazlal.
  1998 | D:2      | Reached XP level 5. HP: 33/33 MP: 5/5
  2000 | D:2      | Noticed an orc warrior
  2180 | D:3      | Reached skill level 1 in Evocations
  2952 | D:4      | Noticed a phantom
  3200 | D:4      | Reached XP level 6. HP: 14/38 MP: 6/6
  3494 | D:4      | Found an opulent altar of Gozag.
  3496 | D:4      | Found an iron altar of Okawaru.
  3496 | D:4      | Found an ornate altar of the Wu Jian Council.
  3496 | D:4      | Found a broken altar of Ashenzari.
  3496 | D:4      | Found a glowing golden altar of the Shining One.
  3530 | D:4      | Became a worshipper of Warmaster Okawaru
  4088 | D:4      | Killed a phantom
  4236 | D:4      | Reached XP level 7. HP: 36/44 MP: 7/7
  4328 | D:4      | Got a crude garnet amulet
  4333 | D:4      | Identified the amulet of Loloell {RegenMP rF+ rC- Int+4}
                  | (You found it on level 4 of the Dungeon)
  4514 | D:5      | Found a blossoming altar of Fedhas.
  5644 | D:7      | Reached skill level 5 in Axes
  5818 | D:6      | Reached * piety under Okawaru
  5819 | D:6      | Reached skill level 1 in Invocations
  5819 | D:6      | Reached XP level 8. HP: 26/48 MP: 8/8
  6065 | D:6      | Reached skill level 1 in Throwing
  6065 | D:6      | Reached skill level 1 in Spellcasting
  6452 | D:7      | Found a bloodstained altar of Trog.
  6452 | D:7      | Found an ancient bone altar of Kikubaaqudgha.
  6453 | D:7      | Found a snail-covered altar of Cheibriados.
  7073 | D:7      | Reached skill level 5 in Fighting
  7266 | D:8      | Found a shadowy altar of Dithmenos.
  7671 | D:8      | Reached skill level 7 in Stealth
  7790 | D:8      | Found a sacrificial altar of Ru.
  8060 | D:7      | Reached XP level 9. HP: 45/54 MP: 11/11
  8428 | D:10     | Entered Level 10 of the Dungeon
  8601 | D:10     | Noticed a two-headed ogre
  8611 | D:10     | Noticed Erolcha
  8617 | D:10     | Killed Erolcha
  8617 | D:10     | Reached ** piety under Okawaru
  8617 | D:10     | Reached *** piety under Okawaru
  8618 | D:10     | Reached skill level 5 in Armour
  8953 | D:10     | Found a staircase to the Orcish Mines.
  8953 | D:10     | Noticed a troll
  8975 | D:9      | Noticed a polar bear
  9067 | D:10     | Noticed a troll
  9107 | D:10     | Noticed Sonja
  9140 | D:10     | Reached XP level 10. HP: 43/60 MP: 12/14
  9155 | D:10     | Reached **** piety under Okawaru
  9202 | D:10     | Reached skill level 1 in Maces & Flails
  9244 | D:11     | HP: 3/61 [ogre/+0 giant club (16)]
  9533 | D:11     | Noticed a red ugly thing
  9534 | D:11     | Noticed a red ugly thing
  9626 | D:10     | Reached skill level 8 in Stealth
  9754 | D:9      | Received a gift from Okawaru
 10305 | D:9      | Reached ***** piety under Okawaru
 10323 | D:9      | Reached XP level 11. HP: 15/67 MP: 3/16
 10875 | D:9      | Learned a level 3 spell: Gell's Gravitas
 11728 | D:10     | Found a roughly hewn altar of Beogh.
 11755 | D:10     | Killed an unseen horror
 11756 | D:10     | Reached skill level 1 in Translocations
 12297 | D:11     | Noticed a cyclops
 12340 | D:10     | Received a gift from Okawaru
 12341 | D:10     | Got a scorched plate armour {god gift}
 12499 | D:10     | HP: 2/67 [killer bee (5)]
 12500 | D:10     | Killed Sonja
 12501 | D:10     | Reached skill level 5 in Maces & Flails
 12829 | D:10     | Identified the +1 plate armour of Untold Secrets {rC- rCorr
                  | Int-2 Stlth+} (Okawaru gifted it to you on level 10 of the
                  | Dungeon)
 12849 | D:10     | Found a staircase to the Lair.
 12856 | Lair:1   | Entered Level 1 of the Lair of Beasts
 12996 | Lair:1   | Reached skill level 5 in Invocations
 13174 | Lair:1   | Noticed Prince Ribbit
 13617 | Lair:1   | You fall into a shaft and drop 1 floor!
 13648 | Lair:2   | Found a dark tunnel.
 13678 | Volcano  | Entered a volcano
 13697 | Volcano  | Noticed a fire crab
 13703 | Volcano  | Killed a fire crab
 13745 | Volcano  | Noticed a hell hog
 13793 | Volcano  | Reached XP level 12. HP: 33/72 MP: 18/18
 13957 | Volcano  | Killed a hell hog
 14111 | Lair:2   | Reached skill level 9 in Stealth
 14383 | Lair:2   | Found a staircase to the Snake Pit.
 14784 | Lair:2   | Received a gift from Okawaru
 14913 | Lair:3   | Reached skill level 5 in Evocations
 15081 | Lair:3   | Found a staircase to the Shoals.
 15109 | Lair:3   | Reached skill level 5 in Dodging
 15118 | Lair:3   | Reached skill level 1 in Short Blades
 15118 | Lair:3   | Reached skill level 5 in Throwing
 15118 | Lair:3   | Reached skill level 5 in Spellcasting
 15118 | Lair:3   | Reached skill level 1 in Conjurations
 15118 | Lair:3   | Reached skill level 1 in Summonings
 15118 | Lair:3   | Reached XP level 13. HP: 11/79 MP: 20/20
 15118 | Lair:3   | Killed from afar by a wind drake

Illustrated notes

Levels and vault maps discovered:
D:1:      minmay_arrival_four_houses, layout_basic
D:2:      layout_loops_corners, general_overflow_altar, grunt_qazlal_sundering,
          uniq_sigmund
D:3:      layout_basic, serial_park_tiny_1
D:4:      layout_basic, grunt_temple_overflow_open,
          minmay_temple_entry_glassed_door, serial_shops, shop
D:5:      cheibrodos_quashed, layout_basic, kennysheep_mini, zin_angel,
          gup_sewer_entry_bowl, chequers_serial_rivers_micro_b, st_stairs_11,
          grunt_ministairs_6
D:6:      layout_layer_cave
D:7:      layout_rooms, gammafunk_temple_overflow_claw
D:8:      layout_cave_pods, overflow_temple_1_default, hangedman_ru_absence
D:9:      layout_cave_pools, serial_ice, serial_ice_i, serial_ice_a,
          serial_ice_c, serial_ice_m, columned_hall_lemuel
D:10:     layout_roguey [special_room_orc], lair_entry_dummy,
          kennysheep_orc_monster_closet_entryway, uniq_erolcha, uniq_sonja
D:11:     layout_rooms, gammafunk_ghost_abyssal_escape, kennysheep_crisscross,
          uniq_harold
D:12:     layout_grid_maze, uniq_maurice
Temple:   jpeg_temple_island
Lair:1:   layout_small_grid, special_room [special_room_bee],
          small_statue_intersection, serial_bayou_lake_a,
          infiniplex_staircase_pool, uniq_prince_ribbit2
Lair:2:   layout_cave_pods, minmay_snake_entry_guardpost_medium,
          gammafunk_ghost_ooze, lightli_volcano_entry_magma_tube
Lair:3:   layout_misc_corridors, minmay_shoals_entry_beasts, uniq_urug

Skill      XL: |  1  2  3  4  5  6  7  8  9 10 11 12 |
---------------+-------------------------------------+-----
Axes           | 2 3 4 5 6 7 8 |  8.0
Stealth        | 6 7 8 9 |  9.6
Armour         | 1 2 3 4 5 6 7 |  7.0
Evocations     | 1 2 3 4 5 |  5.5
Fighting       | 4 5 6 7 8 |  8.4
Dodging        | 2 3 4 5 |  5.0
Invocations    | 1 2 3 4 5 6 |  6.2
Throwing       | 1 2 3 4 5 |  5.2
Spellcasting   | 1 2 3 4 5 |  5.2
Maces & Flails | 3 6 7 |  7.6
Translocations | 2 3 |  3.5
Short Blades   | 1 |  1.2
Conjurations   | 1 |  1.6
Summonings     | 1 |  1.2

Action                   |  1- 3 |  4- 6 |  7- 9 | 10-12 | 13-15 || total
-------------------------+-------+-------+-------+-------+-------++-------
Melee: Hand axe          |   117 |   255 |   649 |       |       ||  1021
       Punch             |       |       |     1 |    14 |       ||    15
       Whip              |       |       |    22 |   904 |       ||   926
       Quick blade       |       |       |       |    10 |       ||    10
Throw: Dart              |       |     3 |    26 |    24 |       ||    53
       Stone             |       |     3 |       |       |       ||     3
Invok: Heroism           |       |       |     5 |    32 |       ||    37
Evoke: Wand              |       |       |     2 |       |       ||     2
  Use: Scroll            |     3 |    10 |    11 |     6 |       ||    30
       Potion            |       |     1 |       |     2 |       ||     3
 Stab: Sleeping          |     3 |     3 |     5 |     6 |       ||    17
       Distracted        |       |     1 |       |     1 |       ||     2
Armor: Leather armour    |     1 |       |       |       |       ||     1
       Scale mail        |    73 |    92 |       |     4 |       ||   169
       Ring mail         |       |    43 |   492 |   335 |       ||   870
Dodge: Dodged            |    80 |   146 |   547 |   588 |     1 ||  1362
       Repelled          |       |       |       |     8 |       ||     8
